 Dungeon Sprint DCSS version 0.24.0-125-gc4c63601f3 (webtiles) character file.

Game seed: 12425650314698893030, levelgen mode: deterministic

44382 Ponchio the Sorcerer (level 13, -2/90 HPs)
             Began as a Deep Elf Earth Elementalist on Feb 29, 2020.
             Was the Champion of Vehumet.
             Killed from afar by Nikola (34 damage)
             ... with a chain lightning
             ... in the Dungeon (Sprint II: "The Violet Keep of Menkaure").
             The game lasted 00:59:15 (7031 turns).

Ponchio the Sorcerer (Deep Elf Earth Elementalist)  Turns: 7031, Time: 00:59:16

Health: -2/90      AC:  9    Str:  9    XL:     13   Next: 95%
Magic:  48/61      EV: 26    Int: 39    God:    Vehumet [******]
Gold:   669        SH:  0    Dex: 19    Spells: 29/58 levels left

rFire    . . .     SeeInvis .   (no weapon)
rCold    . . .     Gourm    .   (no shield)
rNeg     . . .     Faith    .   t - +4 robe of Augmentation {Str+4 Int+4 Dex+4}
rPois    .         Spirit   .   B - +3 hat of Pondering {ponderous, MR+ MP+10 Int+5}
rElec    .         Reflect  .   (no cloak)
rCorr    .         Harm     +   (no gloves)
MR       ++...     NoTele   +   (no boots)
Stlth    +++.......             y - amulet of harm
HPRegen  0.25/turn              g - ring of magical power
MPRegen  0.37/turn              p - ring of the Moon {Int+4 Stlth+}

@: slow
A: no striking features
a: Renounce Religion


You were in the Dungeon.
You worshipped Vehumet.
Vehumet was exalted by your worship.
You were not hungry.

You visited 1 branch You collected 3541 gold pieces.
You spent 2872 gold pieces at shops.

Inventory:

Missiles
 b - 95 stones (quivered)
Armour
 t - the +4 robe of Augmentation (worn) {Str+4 Int+4 Dex+4}
   (You bought it in a shop in the Dungeon)

   It affects your strength (+4).
   It affects your intelligence (+4).
   It affects your dexterity (+4).
 u - the +1 robe of Selueteymo {-Tele rF+ Dex+7 Stlth+}
   (You found it in the Dungeon)

   It affects your dexterity (+7).
   It protects you from fire.
   It prevents most forms of teleportation.
   It makes you more stealthy.
 B - the +3 hat of Pondering (worn) {ponderous, MR+ MP+10 Int+5}
   (You found it in the Dungeon)

   It affects your intelligence (+5).
   It affects your resistance to hostile enchantments.
   It affects your magic capacity (+10).
Jewellery
 a - a +5 ring of intelligence
 d - a +3 ring of evasion {unknown}
 f - an uncursed ring of poison resistance
 g - a ring of magical power (left hand)
 l - a +3 ring of protection {unknown}
 p - the ring of the Moon (right hand) {Int+4 Stlth+}
   (You found it in the Dungeon)

   [ring of intelligence]

   It affects your intelligence (+4).
   It makes you more stealthy.
 v - an uncursed ring of positive energy {unknown}
 x - an uncursed amulet of the acrobat {unknown}
 y - an amulet of harm (around neck)
 A - an uncursed amulet of the gourmand {unknown}
Wands
 m - a wand of random effects (20)
Scrolls
 c - a scroll of enchant armour
 n - a scroll of amnesia
 q - 2 scrolls of enchant weapon
 r - a scroll of fog
 s - a scroll of fear
 w - a scroll of identify
Potions
 e - a potion of curing
 h - 5 potions of magic
 i - a potion of berserk rage
 k - 6 potions of flight
 o - 5 potions of mutation
 z - 3 potions of haste
Comestibles
 j - 7 rations


   Skills:
 - Level 14.0 Fighting
 - Level 16.1 Dodging
 - Level 2.4 Stealth
 - Level 23.4 Spellcasting
 + Level 14.2 Translocations
 - Level 1.1 Transmutations
 - Level 22.0 Earth Magic


You had 29 spell levels left.
You knew the following spells:

 Your Spells              Type           Power        Failure   Level  Hunger
a - Sandblast             Erth           ######       0%          1    None
b - Passwall              Tmut/Erth      #######.     0%          2    None
c - Stone Arrow           Conj/Erth      ######       0%          3    None
d - Petrify               Tmut/Erth      #######.     1%          4    None
e - Lee's Rapid Deconstr  Erth           ########..   0%          5    None
f - Deflect Missiles      Chrm/Air       #####.....   58%         6    None
g - Controlled Blink      Tloc           N/A          9%          8    None

Your spell library contained the following spells:

 Spells                   Type           Power        Failure   Level  Hunger
 Bolt of Fire             Conj/Fire      #####.....   19%         6    None
 Blink                    Tloc           N/A          0%          2    None
 Gell's Gravitas          Tloc           ########..   0%          3    None
 Corpse Rot               Necr           N/A          1%          2    None
 Ensorcelled Hibernation  Hex/Ice        #####.       1%          2    None
 Portal Projectile        Hex/Tloc       ######       1%          3    None
 Force Lance              Conj/Tloc      #######.     1%          4    None
 Leda's Liquefaction      Hex/Erth       #######...   1%          4    None
 Borgnjor's Vile Clutch   Necr/Erth      #######...   1%          5    None
 Summon Forest            Summ/Tloc      #######...   1%          5    None
 Dispersal                Tloc           ########..   1%          6    None
 Disjunction              Tloc           ########..   9%          8    None
 Silence                  Hex/Air        #####.....   13%         5    None
 Malign Gateway           Summ/Tloc      #######...   22%         7    None
 Hydra Form               Tmut           ######....   43%         6    None
 Darkness                 Hex            #####.....   58%         6    None
 Shadow Creatures         Summ           N/A          58%         6    None
 Summon Hydra             Summ           #####.....   99%         7    None


Dungeon Overview and Level Annotations

Branches:
Dungeon (1/1)

Altars:
Cheibriados
Dithmenos
Elyvilon
Fedhas
Gozag
Hepliaklqana
Kikubaaqudgha
Makhleb
Nemelex Xobeh
Okawaru
Qazlal
Ru
Sif Muna
Trog
Uskayaw
Vehumet
Wu Jian
Xom
Yredelemnul
Zin
The Shining One
Beogh
Jiyva
Lugonu

Shops:
D *(:=%([%:*?}[}**=!![([[([?!=[=(%

Annotations:
D 1 exclusion, Lernaean hydra, Nikola


Message History

A stone wall.
The wall shatters!
The blast of rock fragments hits Nikola!!!
Nikola is severely wounded.
Nikola mumbles some strange words.
Nikola blinks!
Casting: Lee's Rapid Deconstruction (safe; 0% risk of failure)
Confirm with . or Enter, or press ? or * to list all spells.
Aiming: Lee's Rapid Deconstruction (safe; 0% risk of failure)
Press: ? - help, Dir - move target cursor A stone wall.
The wall shatters!
The blast of rock fragments hits Nikola!
Nikola is severely wounded.
Nikola casts a spell.
You hear a mighty clap of thunder!
The lightning arc hits you!!!
Ouch! That really hurt!
The lightning arc hits Nikola!
The lightning arc hits you!!
You die...

##...∩.∩..'≈'.##'.<.
##....∩.∩.#≈##..##.#
#▓▓▓▓▓▓▓###≈##.###'#
##...######≈≈####.).
#...#†)'^##≈≈≈#..#.
#∩@.'..#'##'#≈##...
#...#[##≈##.#≈≈##'#
#...###§≈§####≈°≈≈≈
##@###≈≈≈§§#,#°''#+
#!.$##≈§§§§###§§°°°
##+###≈≈§§§##§≈≈°°≈
*,).#+§§§§§§≈§§≈°°≈
*#+###§§§§§##≈§≈°°°
*,.!##§§§§≈###§○≈°≈
**+###≈≈≈§≈#∩####+#
*,,,*##≈≈≈##,,,,***
*,∩,+*##≈##∩,,,,,,,


You could see Nikola.

Vanquished Creatures
  2 golden dragons (D)
  A bone dragon (D)
  An electric golem (D)
  A deep elf master archer (D)
  A kraken (D)
  2 sphinxes (D)
  Kirke (D)
  A storm dragon (D)
  A cacodemon (D)
  A frost giant (D)
  A crystal guardian (D)
  A fire dragon (D)
  An ice dragon (D)
  A yaktaur captain (D)
  A great orb of eyes (D)
  A centaur warrior (D)
  An iron elemental (D)
  A death yak (D)
  2 hell hogs (D)
  An iron golem (D)
  A skeletal warrior (D)
  2 unseen horrors (D)
  An obsidian statue (D)
  2 death drakes (D)
  2 deep trolls (D)
  An orange crystal statue (D)
  An oklob plant (D)
  3 manticores (D)
  3 shining eyes (D)
  A toenail golem (D)
  A merfolk siren (D)
  An elephant (D)
  An ice statue (D)
  A yaktaur (D)
  A kobold demonologist (D)
  5 polar bears (D)
  A hornet (D)
  3 hippogriffs (D)
  2 redbacks (D)
  3 yaks (D)
  2 wyverns (D)
  3 neqoxecs (D)
  Menkaure (D)
  3 soldier ants (D)
  2 swamp drakes (D)
  3 black bears (D)
  5 necrophages (D)
  3 crocodiles (D)
  2 earth elementals (D)
  A scorpion (D)
  9 electric eels (D)
  An iron imp (D)
  4 worker ants (D)
  A spectral jackal (D)
  A spectral leopard gecko (D)
  5 tentacles (D)
105 creatures vanquished.

Vanquished Creatures (others)
  A storm dragon (D)
  A deep elf high priest (D)
  A neqoxec (D)
  A crocodile (D)
  4 tentacles (D)
8 creatures vanquished.

Grand Total: 113 creatures vanquished

Notes
Turn   | Place    | Note
-------+----------+-------------------------------------------
     0 | D        | Ponchio the Deep Elf Earth Elementalist began the quest for
                  | the Orb.
     0 | D        | Reached XP level 1. HP: 10/10 MP: 6/6
     1 | D        | Noticed a necrophage
     1 | D        | Noticed a necrophage
     1 | D        | Noticed a necrophage
     1 | D        | Noticed a necrophage
    10 | D        | Killed a necrophage
    10 | D        | Reached skill level 7 in Spellcasting
    10 | D        | Reached XP level 2. HP: 15/15 MP: 0/12
    10 | D        | Reached XP level 3. HP: 19/19 MP: 0/13
    10 | D        | Reached XP level 4. HP: 24/24 MP: 0/15
    14 | D        | Killed a necrophage
    14 | D        | Reached skill level 9 in Spellcasting
    14 | D        | Reached XP level 5. HP: 21/28 MP: 12/18
    15 | D        | Killed a necrophage
    15 | D        | Reached skill level 10 in Spellcasting
    15 | D        | Reached skill level 10 in Earth Magic
    16 | D        | Killed a necrophage
    16 | D        | Reached skill level 11 in Spellcasting
    16 | D        | Reached XP level 6. HP: 25/32 MP: 10/22
    23 | D        | Learned a level 2 spell: Passwall
    27 | D        | Learned a level 3 spell: Stone Arrow
    32 | D        | Learned a level 4 spell: Petrify
    38 | D        | Learned a level 5 spell: Lee's Rapid Deconstruction
    99 | D        | Noticed a merfolk siren
   102 | D        | Killed a merfolk siren
   102 | D        | Reached skill level 13 in Spellcasting
   102 | D        | Reached XP level 7. HP: 19/36 MP: 7/25
   285 | D        | Noticed a neqoxec
   288 | D        | Killed a neqoxec
   288 | D        | Reached skill level 14 in Spellcasting
   288 | D        | Noticed a neqoxec
   290 | D        | Killed a neqoxec
   290 | D        | Reached XP level 8. HP: 41/41 MP: 1/28
   450 | D        | Noticed an ice statue
   460 | D        | Noticed Menkaure
   469 | D        | Killed Menkaure
   469 | D        | Reached skill level 15 in Spellcasting
   510 | D        | Killed an ice statue
   510 | D        | Reached skill level 15 in Earth Magic
   572 | D        | Found Ykkaunac's Antique Armour Shoppe.
   572 | D        | Found Xoditud's Antique Weapon Shoppe.
   573 | D        | Found Juninodo's Distillery.
   573 | D        | Found Ligaj's Antique Armour Shoppe.
   573 | D        | Found Toikyepn's Distillery.
   573 | D        | Found Cuoppiah's Distillery.
   573 | D        | Found Duanugu's Jewellery Emporium.
   574 | D        | Found Meditu's Gadget Emporium.
   574 | D        | Found Niep's Armour Shoppe.
   574 | D        | Found Racwi's Gadget Emporium.
   574 | D        | Found Wuxex's Magic Scroll Shoppe.
   574 | D        | Found Qodghica's Jewellery Shoppe.
   574 | D        | Found Caryucot's Antique Armour Emporium.
   575 | D        | Found Qukitor's Book Shoppe.
   575 | D        | Found Zeceu's Food Emporium.
   575 | D        | Noticed a shining eye
   613 | D        | Noticed an obsidian statue
   635 | D        | Noticed a red devil
   637 | D        | Killed an obsidian statue
   637 | D        | Reached XP level 9. HP: 45/45 MP: 14/30
   793 | D        | Noticed a shining eye
   793 | D        | Noticed a shining eye
   793 | D        | Noticed an oklob plant
   794 | D        | Found Imaxiat's Book Shoppe.
   807 | D        | Noticed a hell hog
   807 | D        | Noticed a hell hog
   825 | D        | Bought a +5 ring of intelligence for 453 gold pieces
   829 | D        | Bought an uncursed ring of magical power for 240 gold
                  | pieces
   835 | D        | Bought a ration for 65 gold pieces
  1448 | D        | Noticed Kirke
  1448 | D        | Noticed a skeletal warrior
  1448 | D        | Noticed a yaktaur captain
  1448 | D        | Noticed a centaur warrior
  1449 | D        | Killed a kobold demonologist
  1451 | D        | Killed a skeletal warrior
  1451 | D        | Reached skill level 5 in Fighting
  1451 | D        | Reached skill level 10 in Dodging
  1451 | D        | Killed a yaktaur captain
  1452 | D        | Noticed an elephant
  1453 | D        | Killed a centaur warrior
  1453 | D        | Reached XP level 10. HP: 65/65 MP: 15/31
  1453 | D        | Killed Kirke
  1453 | D        | Reached skill level 10 in Fighting
  1659 | D        | Reached skill level 16 in Spellcasting
  1842 | D        | Found an iron altar of Okawaru.
  1842 | D        | Found a radiant altar of Vehumet.
  1842 | D        | Found a glowing silver altar of Zin.
  1843 | D        | Found a sparkling altar of Nemelex Xobeh.
  1843 | D        | Found a hide-covered altar of Uskayaw.
  1844 | D        | Found an opulent altar of Gozag.
  1844 | D        | Found a burning altar of Makhleb.
  1844 | D        | Found a bloodstained altar of Trog.
  1845 | D        | Found a blossoming altar of Fedhas.
  1845 | D        | Found a corrupted altar of Lugonu.
  1845 | D        | Found a basalt altar of Yredelemnul.
  1845 | D        | Found a shimmering blue altar of Sif Muna.
  1846 | D        | Found a white marble altar of Elyvilon.
  1846 | D        | Found an ancient bone altar of Kikubaaqudgha.
  1847 | D        | Found a shadowy altar of Dithmenos.
  1847 | D        | Found a viscous altar of Jiyva.
  1848 | D        | Found a snail-covered altar of Cheibriados.
  1850 | D        | Found a roughly hewn altar of Beogh.
  1850 | D        | Found a shimmering altar of Xom.
  1850 | D        | Found a sacrificial altar of Ru.
  1850 | D        | Found a hazy altar of Hepliaklqana.
  1851 | D        | Found a glowing golden altar of the Shining One.
  1851 | D        | Found an ornate altar of the Wu Jian Council.
  1851 | D        | Found a stormy altar of Qazlal.
  1854 | D        | Became a worshipper of Vehumet
  1857 | D        | Reached * piety under Vehumet
  1857 | D        | Offered knowledge of Shock by Vehumet.
  1858 | D        | Reached skill level 17 in Spellcasting
  1862 | D        | Noticed a death drake
  1868 | D        | Noticed an orange crystal statue
  2006 | D        | Reached ** piety under Vehumet
  2049 | D        | Killed a death drake
  2049 | D        | Offered knowledge of Magic Dart by Vehumet.
  2049 | D        | Reached XP level 11. HP: 73/73 MP: 32/34
  2099 | D        | Noticed a death drake
  2105 | D        | Killed a death drake
  2242 | D        | Offered knowledge of Conjure Flame by Vehumet.
  2242 | D        | Reached *** piety under Vehumet
  2294 | D        | Noticed a crystal guardian
  2297 | D        | Killed a crystal guardian
  2297 | D        | Reached skill level 18 in Spellcasting
  2317 | D        | Noticed a fire dragon
  2332 | D        | Noticed a kraken
  2338 | D        | Killed a kraken
  2582 | D        | Offered knowledge of Dazzling Spray by Vehumet.
  2583 | D        | Reached **** piety under Vehumet
  2583 | D        | Reached skill level 19 in Spellcasting
  2612 | D        | Killed an orange crystal statue
  2684 | D        | Noticed a deep troll
  2684 | D        | Noticed a deep troll
  2687 | D        | Killed a deep troll
  2690 | D        | Killed a deep troll
  2690 | D        | Offered knowledge of Fireball by Vehumet.
  2916 | D        | Noticed a sphinx
  2916 | D        | Noticed a sphinx
  2920 | D        | Killed a sphinx
  2920 | D        | Reached ***** piety under Vehumet
  2920 | D        | Reached skill level 20 in Spellcasting
  2920 | D        | Killed a sphinx
  2920 | D        | Offered knowledge of Force Lance by Vehumet.
  2920 | D        | Reached skill level 21 in Spellcasting
  2920 | D        | Reached XP level 12. HP: 25/78 MP: 39/39
  3184 | D        | Noticed an ice dragon
  3188 | D        | Noticed a deep elf master archer
  3191 | D        | Killed a deep elf master archer
  3462 | D        | Killed a fire dragon
  3635 | D        | Bought the +4 robe of Augmentation {Str+4 Int+4 Dex+4} for
                  | 1269 gold pieces
  3635 | D        | Found the +4 robe of Augmentation {Str+4 Int+4 Dex+4}
  3666 | D        | Noticed a cacodemon
  3667 | D        | Noticed a bone dragon
  3670 | D        | Noticed a storm dragon
  3671 | D        | Killed a cacodemon
  3671 | D        | Reached skill level 22 in Spellcasting
  3672 | D        | Killed a bone dragon
  3672 | D        | Reached skill level 23 in Spellcasting
  3672 | D        | Noticed a deep elf high priest
  3677 | D        | Noticed a golden dragon
  3689 | D        | Killed a deep elf high priest
  3756 | D        | Killed an ice dragon
  3756 | D        | Offered knowledge of Ozocubu's Refrigeration by Vehumet.
  3891 | D        | Noticed a frost giant
  3897 | D        | Killed a frost giant
  4069 | D        | Killed a golden dragon
  4069 | D        | Reached XP level 13. HP: 48/84 MP: 36/42
  4070 | D        | Noticed an electric golem
  4362 | D        | Killed an electric golem
  4362 | D        | Reached skill level 15 in Dodging
  4529 | D        | Got a scorched marble ring
  4531 | D        | Got a tattered robe
  4550 | D        | Identified the cursed +1 robe of Selueteymo {-Tele rF+
                  | Dex+7 Stlth+} (You found it in the Dungeon)
  4551 | D        | Identified the ring of the Moon {Int+4 Stlth+} (You found
                  | it in the Dungeon)
  4797 | D        | Killed a storm dragon
  5032 | D        | Offered knowledge of Bolt of Cold by Vehumet.
  5067 | D        | Bought a scroll of remove curse for 39 gold pieces
  5067 | D        | Bought a scroll of blinking for 97 gold pieces
  5155 | D        | Found Siemuny's General Store.
  5155 | D        | Found Muejyem's Jewellery Shop.
  5155 | D        | Found Poaloet's Weapon Shop.
  5155 | D        | Found Tymaypus's Food Shoppe.
  5155 | D        | Found Rebuloss's Armour Boutique.
  5156 | D        | Found Inaf's Antique Weapon Shoppe.
  5156 | D        | Found Kangiexi's Assorted Antiques.
  5156 | D        | Found Budud's Assorted Antiques.
  5156 | D        | Found Sycwuscha's Antique Weapon Shop.
  5156 | D        | Found Gaimn's Magic Scroll Emporium.
  5156 | D        | Found Timmu's General Store.
  5156 | D        | Found Ownun's Armour Shoppe.
  5179 | D        | Bought an uncursed amulet of harm for 420 gold pieces
  5186 | D        | Bought a scroll of magic mapping for 49 gold pieces
  5222 | D        | HP: 1/88 [something (8)]
  5227 | D        | Found Hagg's Food Boutique.
  5227 | D        | Found Veowum's Weapon Shoppe.
  5227 | D        | Found Quf Hoes's Jewellery Emporium.
  5227 | D        | Found Ynul's Antique Armour Boutique.
  5227 | D        | Noticed a golden dragon
  5582 | D        | Noticed a storm dragon
  5585 | D        | Killed a storm dragon
  5585 | D        | Offered knowledge of Yara's Violent Unravelling by Vehumet.
  5917 | D        | Identified 3 scrolls of acquirement
  5917 | D        | Identified Riluikk's Guide on Aid and the Voyage (You
                  | acquired it in the Dungeon)
  5926 | D        | Learned a level 6 spell: Deflect Missiles
  5939 | D        | Learned a level 8 spell: Controlled Blink
  5947 | D        | Killed a golden dragon
  6148 | D        | Found the +3 hat of Pondering {ponderous, MR+ MP+10 Int+5}
  6154 | D        | Reached skill level 10 in Translocations
  6157 | D        | Reached ****** piety under Vehumet
  6157 | D        | Offered knowledge of Freezing Cloud by Vehumet.
  6600 | D        | Bought an uncursed ring of poison resistance for 240 gold
                  | pieces
  6629 | D        | Offered knowledge of Poison Arrow by Vehumet.
  6641 | D        | Noticed the 27-headed Lernaean hydra
  6949 | D        | Offered knowledge of Bolt of Fire by Vehumet.
  7026 | D        | Noticed Nikola
  7031 | D        | Killed from afar by Nikola

Levels and vault maps discovered:
D:        the_violet_keep_of_menkaure [sprint2_stairs_cluster_1,
          sprint2_shoproom, sprint2_temple, sprint2_basic_supplies,
          sprint2_obstacle_3, sprint2_obstacle_4, sprint2_obstacle_2,
          sprint2_obstacle_7, sprint2_obstacle_1, sprint2_timed_cluster_1,
          sprint2_smallroom_cluster_1, sprint2_smallroom_final_cluster_1,
          sprint2_transparent_cluster_1, sprint2_second_timed_cluster_1,
          sprint2_sniper_area_1, sprint2_heavy_combat_area_1,
          sprint2_mutation_trap_area_1, sprint2_forest_area_1,
          sprint2_light_combat_area_1, sprint2_behind_water_1,
          sprint2_near_end_vault_1]

Skill      XL: |  1  2  3  4  5  6  7  8  9 10 11 12 13 |
---------------+----------------------------------------+-----
Spellcasting   | 7 9 11 13 14 15 17 21 23 | 23.4
Earth Magic    | 8 9 11 13 14 15 16 20 22 | 22.0
Dodging        | 9 12 13 14 16 | 16.1
Fighting       | 8 10 11 14 | 14.0
Translocations | 14 | 14.2
Stealth        | |  2.4
Transmutations | |  1.1

Action                   |  1- 3 |  4- 6 |  7- 9 | 10-12 | 13-15 || total
-------------------------+-------+-------+-------+-------+-------++-------
 Cast: Sandblast         |     5 |     6 |       |       |     7 ||    18
       Lee's Rapid Decon |       |     2 |    19 |    83 |    46 ||   150
  Use: Potion            |     1 |     1 |       |     2 |     7 ||    11
       Scroll            |       |       |       |     8 |     7 ||    15
  Eat: Ration            |       |       |     1 |     2 |     2 ||     5
       Chunk             |       |       |       |     1 |     3 ||     4
Armor: Robe              |     1 |       |       |     3 |     4 ||     8
Dodge: Dodged            |     3 |     1 |     2 |    27 |     7 ||    40
